 Dungeon Crawl Stone Soup version 0.26.1-11-gd32895ea62 (webtiles) character file.

Game seed: 2496067650666862979

42298 Shirokaze the Severer (level 13, -6/121 HPs)
             Began as a Palentonga Fighter on Apr 18, 2021.
             Was a High Priest of Ashenzari.
             Mangled by a meliai
             ... wielding a +0 war axe
              (8 damage)
             ... on level 4 of the Lair of Beasts.
             The game lasted 01:16:49 (19684 turns).

Shirokaze the Severer (Palentonga Fighter)         Turns: 19684, Time: 01:16:50

Health: -6/121     AC: 39    Str: 29    XL:     13   Next: 84%
Magic:  13/13      EV:  5    Int: 11    God:    Ashenzari [*****.]
Gold:   360        SH: 14    Dex: 11    Spells: 10/12 levels left

rFire    + . .     SeeInvis +   A - +3 war axe (elec) (curse)
rCold    + . .     Faith    .   c - +1 kite shield (curse)
rNeg     . . .     Spirit   .   C - +4 plate armour {rC+} (curse)
rPois    .         Reflect  .   u - +2 helmet (curse)
rElec    .         Harm     .   n - scarf {repulsion} (curse)
rCorr    .         Rampage  .   q - +2 pair of gloves (curse)
Will     .....     Clarity  +   o - +0 barding (curse)
Stlth    ..........             (no amulet)
HPRegen  0.30/turn              j - +6 ring of strength
MPRegen  0.13/turn              x - ring of protection from fire (curse)

@: silence, repel missiles, curled up
A: large, rugged brown scales 3, see invisible, clever 1, deformed body, roll 2,
armoured tail, reflexive curl
a: Rolling Charge, Renounce Religion


You were on level 4 of the Lair of Beasts.
You worshipped Ashenzari.
Ashenzari was extremely pleased with you.
You visited 4 branches of the dungeon, and saw 19 of its levels.
You also visited: Sewer and Ice Cave.

You collected 1477 gold pieces.
You spent 1117 gold pieces at shops.

Inventory:

Hand Weapons
 A - a cursed +3 war axe of electrocution (weapon)
Armour
 c - a cursed +1 kite shield (worn)
 n - a cursed scarf of repulsion (worn)
 o - a cursed +0 barding (worn)
 q - a cursed +2 pair of gloves (worn)
 u - a cursed +2 helmet (worn)
 C - a cursed +4 plate armour of cold resistance (worn)
Jewellery
 j - a +6 ring of strength (left hand)
 l - an uncursed ring of resist corrosion
 x - a cursed ring of protection from fire (right hand)
 z - an uncursed ring of willpower
 E - an uncursed ring of protection from fire
Wands
 a - a wand of iceblast (6)
 b - a wand of enslavement (9)
 e - a wand of polymorph (35)
 i - a wand of acid (4)
 G - a wand of random effects (17)
 H - a wand of paralysis (8)
Scrolls
 g - 5 scrolls of remove curse
 h - 6 scrolls of teleportation
 s - 2 scrolls of fog
 t - 8 scrolls of identify
 v - 3 scrolls of magic mapping
 y - 3 scrolls of fear
 D - a scroll of holy word
 F - a scroll of blinking
Potions
 d - 4 potions of haste
 k - 8 potions of curing
 m - 3 potions of flight
 p - 5 potions of heal wounds
 r - 2 potions of cancellation
 B - 3 potions of might
 I - a potion of mutation


   Skills:
 * Level 10.5 Fighting
 * Level 15.6(19.0) Axes
 * Level 9.5(14.4) Armour
 + Level 2.2 Dodging
 + Level 1.2 Stealth
 * Level 8.8(11.4) Shields
 + Level 1.7 Evocations


You had 10 spell levels left.
You knew the following spells:

 Your Spells              Type           Power        Failure   Level
a - Passwall              Tmut/Erth      0%           97%         2

Your spell library contained the following spells:

 Spells                   Type           Power        Failure   Level
 Animate Skeleton         Necr           0%           91%         1
 Corona                   Hex            0%           91%         1
 Foxfire                  Conj/Fire      0%           91%         1
 Pain                     Necr           0%           91%         1
 Sandblast                Erth           0%           91%         1
 Shock                    Conj/Air       0%           91%         1
 Ensorcelled Hibernation  Hex/Ice        0%           97%         2
 Swiftness                Air            0%           97%         2
 Confusing Touch          Hex            0%           99%         3
 Conjure Flame            Conj/Fire      0%           99%         3
 Dazzling Flash           Conj/Hex       0%           99%         3
 Inner Flame              Hex/Fire       0%           99%         3
 Static Discharge         Conj/Air       0%           99%         3
 Stone Arrow              Conj/Erth      0%           99%         3
 Tukima's Dance           Hex            0%           99%         3
 Vampiric Draining        Necr           0%           99%         3
 Airstrike                Air            0%           100%        4
 Animate Dead             Necr           0%           100%        4
 Petrify                  Tmut/Erth      0%           100%        4
 Sticky Flame             Conj/Fire      0%           100%        4
 Agony                    Necr           0%           100%        5
 Fireball                 Conj/Fire      0%           100%        5
 Lee's Rapid Deconstruct  Erth           0%           100%        5
 Lightning Bolt           Conj/Air       0%           100%        5


Dungeon Overview and Level Annotations

Branches:
Dungeon (12/15)            Temple (1/1) D:7            Lair (4/6) D:11
  Snake (0/4) Lair:3          Orc (2/2) D:10            Elf (0/3) Orc:2
  Sewer (visited)           IceCv (visited)
  Swamp: Lair:2-4    Shoals: Lair:2-4

Altars:
Ashenzari
Dithmenos
Fedhas
Gozag
Hepliaklqana
Kikubaaqudgha
Makhleb
Nemelex Xobeh
Sif Muna
Trog
Vehumet
Xom
Yredelemnul
Beogh

Shops:
D:11 !*   Orc:2 !?(?[


Innate Abilities, Weirdness & Mutations

You are completely covered in rugged brown scales. (AC +3, +7% HP)
You have supernaturally acute eyesight. (SInv)
Armour fits poorly on your strangely shaped body.
You can roll at foes to attack.
You have a long armoured tail.
You curl defensively after being hit.
Your mind is acute. (Int +2)


Message History

The killer bee stings you but does no damage.
You miss the killer bee.
Your tail-slap misses the killer bee.
The killer bee is lightly wounded.
The killer bee stings you but does no damage.
You miss the killer bee.
The killer bee is lightly wounded.
Your resistance to elements expires.
The killer bee stings you but does no damage.
The killer bee stings you.
* * * LOW HITPOINT WARNING * * *
The killer bee stings you but does no damage.
The killer bee stings you.
* * * LOW HITPOINT WARNING * * *
You block the killer bee's attack.
You slash the killer bee!
Lightning courses through the killer bee!
You kill the killer bee!
You hit the meliai. Lightning courses through the meliai!
You block the meliai's attack. The meliai stings you!
You die...

* ## *** *## ### ###.## ,
**..P## #.#### ####.##.#### ,
..... #....# *#........... ,
,.....#.#...#####.#..........
......##...@..####..........
,*............y..)†###....###.
**
...........#####.#*####.##P.
,, * #.##.......#yy.)††.#
#####. ,,,
#**##......#†y!....#####P... ,
,* ##......#..yyy†.#.#......
,, * #.....#.#.†.†...#........
, ,* ##...####!....†.#........
* #...## #.†!!...##.......


You could see a meliai.

Vanquished Creatures
  An orc warlord (Orc:2)
  Erica (D:9)
  4 two-headed ogres
  An alligator snapping turtle (D:12)
  An alligator (Lair:2)
  3 orc high priests (Orc:2)
  2 ugly things
  A deep elf mage (D:12)
  4 orc sorcerers (Orc:2)
  5 orc knights
  A manticore (D:12)
  2 ice statues (IceCv)
  6 elephants (Lair:2)
  2 black mambas (Lair:1)
  Maggie (Lair:2)
  4 rime drakes
  4 cane toads
  3 komodo dragons
  5 trolls
  10 ice devils (IceCv)
  4 polar bears
  A hornet (D:12)
  2 meliai (Lair:4)
  A queen bee (Lair:4)
  3 blink frogs (Lair:2)
  39 yaks
  A basilisk (Lair:3)
  2 vampires (D:12)
  A wyvern (Lair:2)
  3 wraiths (D:12)
  Menkaure (D:6)
  3 nagas (Lair:3)
  5 water moccasins
  A sky beast (D:9)
  An ice beast (D:7)
  A hornet zombie (D:8)
  2 black bears
  4 phantoms
  A necrophage (D:9)
  28 orc warriors
  7 ogres
  2 wolves (D:9)
  6 centaurs
  4 big kobolds
  A gnoll sergeant (D:9)
  10 bullfrogs
  A scorpion (D:4)
  24 killer bees
  2 jellies
  10 wights
  2 electric eels (D:9)
  4 centaur zombies
  2 hounds
  20 orc priests
  2 bullfrog skeletons
  A gnoll shaman (D:9)
  3 iguanas (D:6)
  20 orc wizards
  9 worker ants
  3 hound skeletons
  2 worker ant zombies
  6 gnolls (D:9)
  9 adders
  A river rat (Sewer)
  3 shadow imps
  15 white imps
  A worker ant simulacrum (D:9)
  10 ufetubi
  3 adder zombies
  An ooze (D:3)
  5 adder skeletons
  3 worms
  A dart slug (D:1)
  An adder simulacrum (D:9)
  7 leopard geckos
  92 orcs
  8 giant cockroaches
  4 goblins
  8 hobgoblins
  15 jackals
  3 quokkas
  A ball python (D:2)
  6 bats
  5 frilled lizards
  23 kobolds
  A leopard gecko skeleton (D:4)
  A quokka zombie (D:6)
  14 rats
547 creatures vanquished.

Vanquished Creatures (others)
  A reaper (IceCv)
  An orc wizard (Orc:2)
  A white imp (IceCv)
  2 ufetubi (IceCv)
  A bush (D:8)
  19 fungi
  31 plants
56 creatures vanquished.

Grand Total: 603 creatures vanquished

Notes
Turn   | Place    | Note
-------+----------+-------------------------------------------
     0 | D:1      | Shirokaze the Palentonga Fighter began the quest for the
                  | Orb.
     0 | D:1      | Reached XP level 1. HP: 20/20 MP: 1/1
   184 | D:1      | Reached XP level 2. HP: 19/27 MP: 2/2
   438 | D:1      | Reached XP level 3. HP: 22/33 MP: 3/3
  1042 | D:2      | Found a faded altar of an unknown god.
  1052 | D:2      | You fall into a shaft and drop 2 floors!
  1058 | D:4      | Noticed an ogre
  1094 | D:3      | Found a radiant altar of Vehumet.
  1103 | D:3      | Reached XP level 4. HP: 18/40 MP: 4/4
  1443 | D:3      | Reached skill level 3 in Axes
  1550 | D:3      | Found a glowing drain.
  1588 | Sewer    | Entered a sewer
  1642 | Sewer    | Noticed a big kobold
  1653 | Sewer    | Killed a big kobold
  1654 | Sewer    | Reached XP level 5. HP: 34/48 MP: 5/5
  1672 | Sewer    | Found a white marble altar of Elyvilon.
  2074 | D:2      | Reached skill level 4 in Axes
  2079 | D:2      | Found a burning altar of Makhleb.
  2079 | D:2      | Found a blossoming altar of Fedhas.
  2080 | D:2      | Found a shadowy altar of Dithmenos.
  2117 | D:2      | Found a shimmering altar of Xom.
  3010 | D:4      | Reached XP level 6. HP: 22/55 MP: 6/6
  3229 | D:4      | Found a broken altar of Ashenzari.
  3262 | D:4      | Reached skill level 1 in Dodging
  3436 | D:4      | Gained mutation: You curl defensively after being hit.
                  | [Palentonga growth]
  3436 | D:4      | Reached XP level 7. HP: 46/63 MP: 7/7
  3459 | D:4      | Became a worshipper of Ashenzari the Shackled
  3792 | D:5      | Entered Level 5 of the Dungeon
  3813 | D:5      | Reached skill level 5 in Axes
  4437 | D:5      | Reached skill level 6 in Axes
  4460 | D:5      | Learned a level 2 spell: Passwall
  4934 | D:6      | Reached XP level 8. HP: 70/70 MP: 8/8
  4968 | D:6      | Noticed Menkaure
  4974 | D:6      | Killed Menkaure
  4975 | D:6      | Reached skill level 7 in Axes
  5393 | D:6      | Reached * piety under Ashenzari
  5798 | D:7      | Reached skill level 8 in Axes
  6521 | D:7      | Reached skill level 5 in Fighting
  6567 | D:7      | Reached XP level 9. HP: 72/79 MP: 9/9
  7002 | D:7      | Found a staircase to the Ecumenical Temple.
  7025 | D:7      | Reached skill level 5 in Armour
  7171 | Temple   | Entered the Ecumenical Temple
  7654 | D:8      | Found a blossoming altar of Fedhas.
  7754 | D:8      | Reached skill level 9 in Axes
  8073 | D:8      | Reached ** piety under Ashenzari
  8420 | D:8      | Found a shimmering blue altar of Sif Muna.
  8421 | D:8      | Found a basalt altar of Yredelemnul.
  8503 | D:8      | Noticed a purple ugly thing
  8518 | D:8      | Killed a purple ugly thing
  8519 | D:8      | Reached skill level 5 in Shields
  8704 | D:9      | Noticed a polar bear
  8708 | D:9      | Noticed a polar bear
  8730 | D:9      | Reached skill level 10 in Axes
  8738 | D:9      | Killed a polar bear
  8747 | D:9      | Killed a polar bear
  8748 | D:9      | Reached XP level 10. HP: 55/88 MP: 10/10
  9028 | D:9      | Reached skill level 11 in Axes
  9092 | D:9      | Noticed Erica
  9110 | D:9      | Killed Erica
  9354 | D:9      | Found a bloodstained altar of Trog.
  9673 | D:9      | Found a sparkling altar of Nemelex Xobeh.
  9677 | D:9      | Found an ancient bone altar of Kikubaaqudgha.
  9682 | D:9      | Found a broken altar of Ashenzari.
  9882 | D:10     | Entered Level 10 of the Dungeon
  9896 | D:10     | Found a staircase to the Orcish Mines.
  9915 | D:10     | Found a roughly hewn altar of Beogh.
  9970 | D:10     | Noticed a two-headed ogre
  9990 | D:10     | Killed a two-headed ogre
  9991 | D:10     | Reached XP level 11. HP: 62/98 MP: 11/11
 10250 | D:10     | Reached skill level 12 in Axes
 10792 | D:11     | Reached *** piety under Ashenzari
 10874 | D:11     | Noticed a two-headed ogre
 10882 | D:11     | Killed a two-headed ogre
 10938 | D:11     | Found an opulent altar of Gozag.
 10944 | D:11     | Found Gozag's Platinum Reserve.
 11112 | D:11     | Found Bokky's Distillery.
 11129 | D:11     | Bought a potion of heal wounds for 70 gold pieces
 11129 | D:11     | Bought a potion of heal wounds for 70 gold pieces
 11129 | D:11     | Bought a potion of haste for 140 gold pieces
 11129 | D:11     | Bought a potion of curing for 42 gold pieces
 11260 | D:11     | Reached skill level 1 in Stealth
 11343 | D:11     | Found a staircase to the Lair.
 11371 | D:11     | Identified a scroll of acquirement
 11379 | D:11     | Acquired a cursed +4 plate armour of cold resistance
 11945 | D:12     | Noticed a brown ugly thing
 11950 | D:12     | Killed a brown ugly thing
 12013 | D:12     | Noticed a two-headed ogre
 12016 | D:12     | Killed a two-headed ogre
 12021 | D:12     | Noticed a two-headed ogre
 12028 | D:12     | Killed a two-headed ogre
 12106 | D:12     | Reached skill level 13 in Axes
 12389 | D:12     | Noticed a deep elf mage
 12395 | D:12     | Killed a deep elf mage
 12924 | D:12     | Noticed a four-headed hydra
 12925 | D:12     | Noticed an alligator snapping turtle
 12925 | D:12     | a four-headed hydra changed into an alligator snapping
                  | turtle
 13009 | D:12     | Killed an alligator snapping turtle
 13010 | D:12     | Reached XP level 12. HP: 77/110 MP: 12/12
 13146 | D:11     | Found a hazy altar of Hepliaklqana.
 13337 | Orc:1    | Entered Level 1 of the Orcish Mines
 13573 | D:10     | Reached skill level 1 in Evocations
 13845 | Orc:1    | Reached **** piety under Ashenzari
 14239 | Orc:2    | Entered Level 2 of the Orcish Mines
 14239 | Orc:2    | Found a staircase to the Elven Halls.
 14271 | Orc:2    | Found Heshra Zysch's Antique Armour Shop.
 14277 | Orc:2    | Paralysed by an orc sorcerer for 7 turns
 14601 | Orc:2    | Found Anatsaep's Distillery.
 14601 | Orc:2    | Noticed an orc high priest
 14601 | Orc:2    | Noticed an orc high priest
 14602 | Orc:2    | Noticed an orc high priest
 14736 | Orc:2    | Noticed an orc warlord
 15530 | Orc:2    | Killed an orc warlord
 15531 | Orc:2    | Reached skill level 14 in Axes
 16016 | Orc:2    | Killed an orc high priest
 16163 | Orc:2    | Killed an orc high priest
 16194 | Orc:2    | Paralysed by an orc sorcerer for 3 turns
 16617 | Orc:2    | Killed an orc high priest
 16619 | Orc:2    | Found Uheh's Magic Scroll Emporium.
 16621 | Orc:2    | Found Dailusoh's Antique Weapon Emporium.
 16621 | Orc:2    | Found Faoskih's Magic Scroll Boutique.
 16642 | Orc:2    | Bought a potion of mutation for 120 gold pieces
 16642 | Orc:2    | Bought a potion of lignification for 45 gold pieces
 16645 | Orc:2    | Gained mutation: You tend to lose your temper in combat.
                  | [potion of mutation]
 16645 | Orc:2    | Gained mutation: You have large cloven feet. [potion of
                  | mutation]
 16650 | Orc:2    | Bought a scroll of remove curse for 45 gold pieces
 16650 | Orc:2    | Bought 3 scrolls of identify for 90 gold pieces
 16650 | Orc:2    | Bought a scroll of remove curse for 45 gold pieces
 16650 | Orc:2    | Bought 2 scrolls of identify for 60 gold pieces
 16650 | Orc:2    | Bought a scroll of remove curse for 45 gold pieces
 16652 | Orc:2    | Bought a potion of curing for 45 gold pieces
 16652 | Orc:2    | Bought 2 potions of might for 120 gold pieces
 16652 | Orc:2    | Bought a potion of curing for 45 gold pieces
 16652 | Orc:2    | Bought a potion of curing for 45 gold pieces
 16657 | Orc:2    | Bought a scroll of teleportation for 45 gold pieces
 16657 | Orc:2    | Bought a scroll of remove curse for 45 gold pieces
 16849 | Lair:1   | Entered Level 1 of the Lair of Beasts
 16875 | Lair:1   | Reached XP level 13. HP: 109/118 MP: 13/13
 17412 | Lair:2   | Noticed Maggie
 17418 | Lair:2   | Killed Maggie
 17454 | Lair:2   | Found a frozen archway.
 17463 | IceCv    | Entered an ice cave
 17560 | IceCv    | Reached skill level 15 in Axes
 17646 | IceCv    | Reached skill level 10 in Fighting
 17658 | IceCv    | Noticed a reaper
 17688 | IceCv    | Identified the +6 demon whip "Nuhaydey" {vamp, Fragile
                  | rElec rPois SInv}
 17788 | IceCv    | Killed a reaper
 18465 | Lair:2   | Lost mutation: You tend to lose your temper in combat.
                  | [potion of mutation]
 18465 | Lair:2   | Lost mutation: You have large cloven feet. [potion of
                  | mutation]
 18465 | Lair:2   | Gained mutation: You can roll at foes to attack. [potion of
                  | mutation]
 18465 | Lair:2   | Gained mutation: Your mind is acute. (Int +2) [potion of
                  | mutation]
 18756 | Lair:2   | Reached ***** piety under Ashenzari
 19187 | Lair:3   | Found a staircase to the Snake Pit.
 19680 | Lair:4   | HP: 5/121 [killer bee (6)]
 19682 | Lair:4   | HP: 2/121 [killer bee (4)]
 19684 | Lair:4   | Mangled by a meliai

Illustrated notes

Levels and vault maps discovered:
D:1:      zaba_arrival_water, layout_basic, serial_bayou, serial_bayou_pond_c,
          serial_bayou_shore_b, serial_bayou_pond_d, serial_bayou_ford_a,
          serial_bayou_shore_a, serial_bayou_pond_c, interstate_on_off
D:2:      layout_loops_ring, nicolae_overflow_quartered_altars,
          chequers_ecumenical_altar_island
D:3:      layout_basic, fiery_altar_vehumet, gup_sewer_entry_glass
D:4:      layout_loops_cross, evilmike_ruin_ashenzari
D:5:      layout_basic, minivault_25
D:6:      layout_basic, lemuel_statue_altar, uniq_menkaure
D:7:      layout_gridville, temple_pool_b
D:8:      layout_basic, gammafunk_temple_overflow_pools, st_stairs_6,
          fedhas_bush_and_centaur_altar
D:9:      layout_cave_pools, lightli_temple_of_fire, minitemple, serial_ice,
          serial_ice_f, serial_ice_d, serial_ice_k, serial_ice_m, serial_ice_b,
          serial_ice_o, uniq_erica
D:10:     layout_loops_cross, minmay_orc_entry_temple_small
D:11:     lemuel_upstairs_altar, layout_loops_corners, lair_entry_dummy,
          serial_shops, nicolae_shop_stone, nicolae_gozag_zags_fifth_avenue
D:12:     layout_stronghold, chequers_serial_rivers_small_b
Temple:   minmay_temple_curvy_loop
Lair:1:   layout_loops_ring
Lair:2:   layout_chaotic_city, portal_ice_cave_rime, grunt_megastairs_5,
          uniq_maggie
Lair:3:   layout_regular_city, minmay_snake_entry_guardpost_small
Lair:4:   layout_cellular_growth, minmay_shoals_entry_hut, special_room
          [special_room_bee], ebering_ghost_inner_flame
Orc:1:    layout_caves
Orc:2:    grunt_orc_tribal_feast, layout_caves, serial_shops, nicolae_shop_trees

Skill      XL: |  1  2  3  4  5  6  7  8  9 10 11 12 13 |
---------------+----------------------------------------+-----
Shields        | 3 4 5 6 7 8 |  8.8
Armour         | 3 4 5 6 7 8 9 |  9.5
Axes           | 3 4 6 8 10 11 13 14 15 | 15.6
Dodging        | 1 2 |  2.2
Fighting       | 4 5 7 8 9 10 | 10.5
Stealth        | 1 |  1.2
Evocations     | 1 |  1.7

Action                   |  1- 3 |  4- 6 |  7- 9 | 10-12 | 13-15 || total
-------------------------+-------+-------+-------+-------+-------++-------
Melee: War axe           |   122 |   116 |   362 |   639 |   300 ||  1539
       Tailslap          |     8 |    20 |    44 |    96 |    57 ||   225
       Broad axe         |       |    60 |       |       |       ||    60
       Kick              |       |       |       |     1 |    60 ||    61
Invok: Curse Item        |       |       |     3 |     4 |       ||     7
       Scrying           |       |       |       |     1 |       ||     1
 Abil: Rolling Charge    |    30 |    25 |    62 |   117 |    40 ||   274
Evoke: Wand              |       |       |       |    17 |    11 ||    28
  Use: Scroll            |     1 |    12 |    12 |     9 |     4 ||    38
       Potion            |       |     6 |     5 |     1 |     4 ||    16
Armor: Scale mail        |    61 |    98 |   108 |       |       ||   267
       Plate armour      |       |       |   109 |   292 |   216 ||   617
Dodge: Dodged            |    36 |    52 |    66 |    69 |    30 ||   253
       Repelled          |       |       |     1 |     2 |     5 ||     8
Block: Kite shield       |    64 |   120 |   218 |   331 |   177 ||   910
